[Event "Open Nuevo Centro. Jornada 1"]
[Site "Chess.com"]
[Date "2020.06.19"]
[Round "5"]
[White "Ursariu, Nikolas Victor"]
[Black "Donate Peris, Jose Manuel"]
[Result "1/2-1/2"]
[WhiteElo "1374"]
[BlackElo "1585"]
[TimeControl "180+2"]
[EndTime "11:29:33 PDT"]
[Termination "Tablas por repetición de movimientos"]

1. e4 e5 2. Nf3 Nc6 3. Nc3 Nf6 4. d4 exd4 5. Nxd4 Bb4 6. Nxc6 bxc6 7. Bd3 O-O 8. Bd2 d6 9. O-O Re8 10. Re1 a5 11. a3 Bc5 12. Bf4 Ba6 13. Bxa6 Rxa6 14.
e5 dxe5 15. Qxd8 Rxd8 16. Bxe5 Ng4 17. Bg3 h6 18. h3 Nf6 19. Bxc7 Rd2 20. Bf4 Rxf2 21.
Bc1 Rxc2+ 22. Kh1 Ra8 23. Na4 Bd4 24. Rb1 Rb8 25. Rd1 c5 26. Re1 Nd5 27. Rd1 Nf4 28.
Bxf4 Bxb2 29. Nxb2 Rbxb2 30. Rxb2 Rxb2 31. Bd6 Rb5 32. a4 Rb4 33. Bxc5 Rxa4 34. Rd8+ Kh7 35. Ra8 Ra1+ 36.
Kh2 a4 37. Ra7 Kg6 38. Ra6+ f6 39. Ra5 Ra2 40. Ra6 Rc2 41. Be3 Rc3 42. Bg1 a3 43.
Bd4 Rb3 44. Bc5 Rc3 45. Bxa3 Rc2 46. Bd6 f5 47. Bg3+ Kh5 48. Ra5 g6 49. Rd5 Ra2 50. Be1 Rc2 51. Bg3 Ra2 52. Be1 Kg5 53. Bg3 Kf6 54.
Rd6+ Kg5 55. Rd5 h5 56. Rc5 Ra6 57. Be1 Ra2 58. Rd5 Re2 59. Bc3 Ra2 60. Bd2+ Kf6 61.
Rd7 Ke6 62. Rd3 Kf6 63. Bc3+ Kg5 64. Rg3+ Kh6 65. Rd3 Kg5 66. Bd2+ Kf6 67. Bc3+ Kg5 1/2-1

[Event "Open Nuevo Centro. Jornada 1"]
[Site "Chess.com"]
[Date "2020.06.19"]
[Round "5"]
[White "Miranda Calvo, Max Rodrigo"]
[Black "Ferrero Sanchis, Enrique"]
[Result "1-0"]
[WhiteElo "1202"]
[BlackElo "1462"]
[TimeControl "180+2"]
[EndTime "11:29:33 PDT"]
[Termination "Victoria de bas-max-miranda por tiempo"]

1. e4 d6 2. d4 g6 3. Nf3 Bg7 4. Bf4 Bg4 5. Nbd2 Nd7 6. h3 Bxf3 7. Nxf3 c6 8. c3 Ngf6 9. Qc2 O-O 10. Bd3 Nh5 11. Be3 e5 12. d5 c5 13. c4 a6 14. a4 f5 15. O-O f4 16. Bd2 Nhf6 17. Nh2 g5 18. f3 h5 19. Be2 Nh7 20. b4 b6 21. b5 a5 22. Be1 Ndf6 23. h4 g4 24. fxg4 hxg4 25. Bxg4 Nxg4 26. Nxg4 Nf6 27. Qe2 Nxg4 28. Qxg4 Kh7 29. h5 Rg8 30. Qg6+ Kh8 31. h6 Bf6 32. Qf5 Rg5 33. Qe6 Qe7 34. Qxe7 Bxe7 35.
Bh4 Rag8 36. Bxg5 Rxg5 37. Rf3 Kh7 38. Rh3 Bf8 39. Kf2 Bxh6 40. Rah1 Rg6 41. Kf3 Kg7 42. g3 fxg3 43. Rxg3 Rxg3+ 44. Kxg3 Kg6 45. Kg4 Bg7 46.
Rh5 Bf6 47. Rf5 Kg7 48. Kh5 Kf7 49. Kh6 Ke7 50. Kg6 Bh4 51. Rf7+ Ke8 52. Rb7 Bd8 53. Rb8 Kd7 54. Kf7 Kc7 55. Ra8 Bh4 56. Ke8 Kb7 57. Ra6 Bg5 58. Kd7 Be3 59. Kxd6 Bd4 60.
Ke6 Bc3 61. d6 Bd2 62. d7 Bg5 63. Kf7 Bd8 64. Ke8 Bc7 65. d8=Q Bxd8 66. Kxd8 Kb8 67.
Kd7 Kb7 68. Kd6 Kb8 69. Kxe5 Kb7 70. Kd6 1

[Event "Open Nuevo Centro. Jornada 1"]
[Site "Chess.com"]
[Date "2020.06.19"]
[Round "5"]
[White "Camison Zornoza, Cesar"]
[Black "Roca Cruz, Rafael"]
[Result "0-1"]
[WhiteElo "1376"]
[BlackElo "1669"]
[TimeControl "180+2"]
[EndTime "11:30:21 PDT"]
[Termination "Victoria de RafaRocaCruz por tiempo"]

1. e4 c5 2. d4 cxd4 3. c3 d5 4.
exd5 Qxd5 5. cxd4 Nf6 6. Nc3 Qd8 7. Nf3 e6 8. Bd3 Be7 9. O-O O-O 10. h3 Nc6 11.
Be3 Nb4 12. Be2 Nbd5 13. Nxd5 Nxd5 14. Ne5 Bd7 15. Bd3 Rc8 16. a3 Bc6 17. Nxc6 Rxc6 18. Rc1 Qd7 19. Bb1 Rxc1 20. Bxc1 Rc8 21. Qd3 g6 22.
Bh6 Bf6 23. Be3 Bg7 24. Qe2 Nf6 25. Qf3 Qd5 26. Qg3 Ne4 27. Bxe4 Qxe4 28. Qd6 Qc6 29. Qb4 b6 30. a4 Qc4 31. Qd2 Qc2 32. Qxc2 Rxc2 33.
Rb1 h5 34. b4 Rc4 35. a5 Bxd4 36. Bxd4 Rxd4 37. axb6 axb6 38. Kf1 Kf8 39. Ke2 Ke7 40.
Ke3 e5 41. f4 f6 42. fxe5 fxe5 43. b5 Ke6 44. Rc1 Rd6 45. Rc8 Kd5 46. g4 hxg4 47.
hxg4 Rf6 48. Rd8+ Kc5 49. Re8 Kd5 50. Rd8+ Rd6 51. Re8 Re6 52. Rc8 Re7 53. Rc6 Re6 54.
Rc8 Rd6 55. g5 Re6 56. Rf8 Kc5 57. Ke4 Kxb5 58. Rf6 Rc6 59. Rxg6 Rxg6 60. Kf5 Rg8 61. g6 Rxg6 62. Kxg6 e4 63. Kf5 e3 64. Kf4 e2 65.
Kf3 e1=Q 0

[Event "Open Nuevo Centro. Jornada 1"]
[Site "Chess.com"]
[Date "2020.06.19"]
[Round "5"]
[White "Beneyto de Ramon, Guillermo"]
[Black "Crevillen Abad, Clemente"]
[Result "1/2-1/2"]
[WhiteElo "1494"]
[BlackElo "1768"]
[TimeControl "180+2"]
[EndTime "11:31:36 PDT"]
[Termination "Tablas por rey ahogado"]

1. c4 Nf6 2. Nc3 e6 3. g3 d5 4. cxd5 exd5 5. d4 Be7 6. Bg2 O-O 7. Bg5 Nbd7 8. Nf3 c6 9. O-O h6 10. Bxf6 Bxf6 11. e3 Re8 12. Ne2 Nf8 13. Nf4 Bg4 14.
h3 Bd7 15. Kh2 Ne6 16. Nxe6 Bxe6 17. Nd2 Qd7 18. Nb3 b6 19. Rc1 Rac8 20. Qc2 Bf5 21. Qc3 Be4 22. Bxe4 Rxe4 23. Nd2 Ree8 24. Rh1 Be7 25. Kg2 a5 26. Nf3 Bd6 27. a3 Qf5 28. Nh4 Qe4+ 29. Nf3 Re6 30. Qc2 Kf8 31. Qxe4 Rxe4 32.
Rc2 Ke7 33. Rhc1 Kd7 34. Nd2 Re6 35. Kf3 f5 36. Nf1 g5 37. Nh2 Be7 38. Kg2 Rf8 39.
Nf3 Bf6 40. Ne1 Bg7 41. Rc3 f4 42. g4 fxe3 43. Rxe3 Rxe3 44. fxe3 Re8 45. Kf2 Bf8 46. Nd3 Bd6 47. Rf1 Rf8+ 48. Ke2 Rxf1 49. Kxf1 c5 50. dxc5 bxc5 51. Kf2 Kc6 52. Ke2 a4 53. Kd2 c4 54.
Nc1 Be5 55. Kc2 Kc5 56. Ne2 d4 57. exd4+ Bxd4 58. Ng3 c3 59. bxc3 Bg7 60. Ne4+ Kc4 61.
Nd6+ Kd5 62. Nf5 Bf8 63. Kb2 Kc4 64. h4 gxh4 65. Nxh4 Kd5 66. Ng2 Ke4 67. Kc2 Bxa3 68. Kd2 Bd6 69. Ne3 a3 70. Nc2 Kf3 71. c4 Kxg4 72.
Ke2 h5 73. Kf2 h4 74. Kg2 h3+ 75. Kh1 Bc5 76. Nxa3 Bxa3 77. Kh2 Bd6+ 78. Kh1 Kg3 79. c5 Be5 80. c6 Bd6 81. c7 Bxc7 82. Kg1 Bd6 83. Kh1 Bc7 84. Kg1 h2+ 85. Kh1 Kg4 86. Kg2 Kh4 87. Kh1 Kg4 88. Kg2 Kh4 89. Kh1 Kg3 1/2-1

[Event "Open Nuevo Centro. Jornada 1"]
[Site "Chess.com"]
[Date "2020.06.19"]
[Round "6"]
[White "Alegre Romaguera, Francesc"]
[Black "Galiana Ferrer, Oscar"]
[Result "1-0"]
[WhiteElo "1220"]
[BlackElo "891"]
[TimeControl "180+2"]
[EndTime "11:34:08 PDT"]
[Termination "Victoria de Francesc_08 por abandono"]

1. e4 e5 2. Nf3 Nc6 3. Bb5 d6 4. d4 exd4 5. Nxd4 Bd7 6. Nxc6 Bxc6 7. Bxc6+ bxc6 8. Nc3 Nf6 9. Bg5 Be7 10. O-O O-O 11.
Qf3 h6 12. Bh4 c5 13. Rad1 c4 14. e5 dxe5 15. Rxd8 Rfxd8 16. Bxf6 Bxf6 17. Nd5 Rxd5 18. Qxd5 1

[Event "Open Nuevo Centro. Jornada 1"]
[Site "Chess.com"]
[Date "2020.06.19"]
[Round "6"]
[White "Fern�ndez Mart�n, Berta"]
[Black "Rabbani Perez, Ayoub "]
[Result "1-0"]
[WhiteElo "771"]
[BlackElo "237"]
[TimeControl "180+2"]
[EndTime "11:34:19 PDT"]
[Termination "Victoria de MikayoMata97 por jaque mate"]

1. e4 c5 2. Nc3 c4 3. Bxc4 b5 4.
Bxb5 a6 5. Bc4 Nc6 6. d4 Nxd4 7. Qxd4 d5 8. exd5 Be6 9. Nf3 Qc7 10. dxe6 Rd8 11. exf7# 1

[Event "Open Nuevo Centro. Jornada 1"]
[Site "Chess.com"]
[Date "2020.06.19"]
[Round "6"]
[White "Simarro Peir�, Andr�s"]
[Black "Elenkov Olmo, Ivan"]
[Result "0-1"]
[WhiteElo "1022"]
[BlackElo "818"]
[TimeControl "180+2"]
[EndTime "11:34:54 PDT"]
[Termination "Victoria de IVANELEN por jaque mate"]

1. e4 e5 2. Nf3 Nc6 3. Nc3 Nf6 4.
Bb5 a6 5. Bxc6 bxc6 6. Nxe5 Bb4 7. d3 Bxc3+ 8. bxc3 O-O 9. Nf3 Bb7 10. e5 Nd5 11.
O-O c5 12. c4 Nb6 13. Rb1 Bxf3 14. Qxf3 Qe7 15. Re1 f6 16. exf6 Qxe1# 0

[Event "Open Nuevo Centro. Jornada 1"]
[Site "Chess.com"]
[Date "2020.06.19"]
[Round "6"]
[White "Moreno Garc�a, Gonzalo "]
[Black "Yeste Campos, Manuel"]
[Result "0-1"]
[WhiteElo "598"]
[BlackElo "911"]
[TimeControl "180+2"]
[EndTime "11:35:04 PDT"]
[Termination "Victoria de Manuel_Yeste por jaque mate"]

1. e3 e5 2. Nf3 Nc6 3. e4 Nf6 4. Nc3 Be7 5. Bc4 O-O 6. O-O d6 7. d3 Bg4 8. Bg5 Nd4 9. Nd5 Nxd5 10. Bxe7 Qxe7 11. exd5 Nxf3+ 12. Kh1 Qg5 13. h3 Bxh3 14. gxh3 Nh4 15. d4 Qg2# 0

[Event "Open Nuevo Centro. Jornada 1"]
[Site "Chess.com"]
[Date "2020.06.19"]
[Round "6"]
[White "Beneyto de Ramon, Guillermo"]
[Black "Amor�s P�rez, Manuel David"]
[Result "0-1"]
[WhiteElo "1489"]
[BlackElo "1652"]
[TimeControl "180+2"]
[EndTime "11:35:12 PDT"]
[Termination "Victoria de mpad1984 por jaque mate"]

1. c4 d5 2. cxd5 Qxd5 3. Nc3 Qd8 4. g3 c6 5. Bg2 Bf5 6. Nf3 e6 7. d4 Bb4 8. Bf4 Bxc3+ 9. bxc3 Nf6 10. Nh4 Bg6 11.
Nxg6 hxg6 12. Bg5 Qa5 13. Qd3 Qxg5 14. h4 Qf5 15. Qxf5 gxf5 16. Rb1 b6 17. Rb4 Kd7 18. O-O Na6 19. Rb3 Nc7 20. Rb4 Ncd5 21. Rc4 b5 22.
Bxd5 exd5 23. Rc5 Kd6 24. f3 Nd7 25. Rxb5 cxb5 26. Rb1 a6 27. Kf2 Nb6 28. Ke3 Nc4+ 29. Kf4 g6 30. Kg5 Ke6 31. f4 Rh5# 0

[Event "Open Nuevo Centro. Jornada 1"]
[Site "Chess.com"]
[Date "2020.06.19"]
[Round "6"]
[White "Maestre Soler, Sergio"]
[Black "Gutierrez Lacambra, Jose Antonio"]
[Result "0-1"]
[WhiteElo "955"]
[BlackElo "1265"]
[TimeControl "180+2"]
[EndTime "11:35:34 PDT"]
[Termination "Victoria de sygm2012 por jaque mate"]

1. e4 c5 2. Bc4 e6 3. d3 d5 4. exd5 exd5 5. Bb5+ Nc6 6. Bxc6+ bxc6 7. Nf3 Nf6 8. Bg5 Be7 9. Bxf6 Bxf6 10. O-O Bxb2 11. Re1+ Be6 12. Nc3 Bxc3 13. Rc1 Bxe1 14. Qxe1 O-O 15. Ng5 Qxg5 16. Rd1 Rae8 17. h3 Bxh3 18.
Qxe8 Qxg2# 0

[Event "Open Nuevo Centro. Jornada 1"]
[Site "Chess.com"]
[Date "2020.06.19"]
[Round "6"]
[White "Birnoveanu, Petru"]
[Black "M�ndez Gim�nez , N�stor Emmanuel"]
[Result "1-0"]
[WhiteElo "1554"]
[BlackElo "1136"]
[TimeControl "180+2"]
[EndTime "11:35:48 PDT"]
[Termination "Victoria de piculet por jaque mate"]

1. e4 e6 2. d4 c5 3. c3 Nc6 4. d5 exd5 5. exd5 Nce7 6. c4 Nf6 7. Nc3 Qa5 8. Bd2 Ne4 9. Nxe4 Qb6 10. Bc3 Nf5 11.
Nf3 Be7 12. a3 Nd4 13. Nxd4 cxd4 14. Qxd4 Qg6 15. d6 Bf6 16. Nxf6+ Qxf6 17. Qxf6 gxf6 18. Bxf6 Rg8 19. g3 Rg6 20. Be7 Re6+ 21. Kd2 b6 22. Bg2 Rb8 23. Bd5 Rxe7 24. dxe7 Kxe7 25. Rhe1+ Kd6 26.
Bxf7 Bb7 27. Kc3 Rf8 28. Rad1+ Kc5 29. b4+ Kc6 30. Bd5+ Kc7 31. Bxb7 Kxb7 32. Rxd7+ Kc6 33. Rxh7 Rxf2 34. Re6# 1

[Event "Open Nuevo Centro. Jornada 1"]
[Site "Chess.com"]
[Date "2020.06.19"]
[Round "6"]
[White "Lopez Mateo, Juan Carlos"]
[Black "Kovacevic, Slobodan"]
[Result "1-0"]
[WhiteElo "1948"]
[BlackElo "2046"]
[TimeControl "180+2"]
[EndTime "11:36:05 PDT"]
[Termination "Victoria de Tarantantinov por jaque mate"]

1. e4 c5 2. Nf3 e6 3. b4 cxb4 4. a3 bxa3 5. d4 d6 6. Nxa3 Nd7 7. Bd3 a6 8. O-O Be7 9. Re1 b6 10. Bf4 Bb7 11. Nc4 Qc7 12. e5 d5 13. Nd6+ Bxd6 14. exd6 Qc6 15. Ne5 Qc8 16. Qg4 Kf8 17. Nxf7 Kxf7 18.
Qxe6+ Kf8 19. Bf5 Ngf6 20. Qe7+ Kg8 21. Be6# 1

[Event "Open Nuevo Centro. Jornada 1"]
[Site "Chess.com"]
[Date "2020.06.19"]
[Round "6"]
[White "Zamora Soler, Raul"]
[Black "Deusa Ballesteros, Luis Miguel"]
[Result "1-0"]
[WhiteElo "1753"]
[BlackElo "1502"]
[TimeControl "180+2"]
[EndTime "11:36:36 PDT"]
[Termination "Victoria de rzamora80 por abandono"]

1. e4 d5 2. e5 Bf5 3. d4 e6 4.
Nf3 c5 5. Bd3 Bg6 6. c3 Nc6 7.
Bxg6 hxg6 8. Bg5 Be7 9. Bxe7 Qxe7 10. O-O Nh6 11. Nbd2 cxd4 12. cxd4 O-O 13. a3 Rac8 14. b4 a6 15. Rc1 b5 16. Nb3 Nb8 17. Nc5 Qa7 18.
Qd3 Nd7 19. h3 Nxc5 20. Rxc5 Nf5 21. Rfc1 Qb7 22. Qc2 Ne7 23. Rc7 Rxc7 24. Qxc7 Rb8 25. Ng5 Kf8 26. g4 Qxc7 27. Rxc7 Rc8 28. Ra7 Rc4 29.
Rxa6 Rxd4 30. Ra8+ Nc8 31. Rxc8+ 1

[Event "Open Nuevo Centro. Jornada 1"]
[Site "Chess.com"]
[Date "2020.06.19"]
[Round "6"]
[White "Salvador Buiza, Victor"]
[Black "G�mez Alonso, �scar"]
[Result "1-0"]
[WhiteElo "1543"]
[BlackElo "1746"]
[TimeControl "180+2"]
[EndTime "11:36:45 PDT"]
[Termination "Victoria de TERROROSCURO666 por jaque mate"]

1. e4 c5 2. Nf3 e6 3. c3 d5 4. exd5 exd5 5. d4 Nf6 6. Bd3 cxd4 7. Nxd4 Nc6 8. Be3 Bd6 9. O-O O-O 10. h3 a6 11. Nd2 Re8 12. Re1 Ne4 13. Nxe4 dxe4 14. Bc2 Nxd4 15. Bxd4 Bf5 16. Qd2 Bc7 17. Re2 Qd6 18. g3 Bxh3 19. Rxe4 Qc6 20. Rae1 Rxe4 21. Bxe4 Qd7 22. Qg5 g6 23. Qh6 f5 24. Bd5+ Qf7 25.
Qg7# 1

[Event "Open Nuevo Centro. Jornada 1"]
[Site "Chess.com"]
[Date "2020.06.19"]
[Round "6"]
[White "R�os Valle, Daniel "]
[Black "Grigorev, Artur "]
[Result "1-0"]
[WhiteElo "1188"]
[BlackElo "889"]
[TimeControl "180+2"]
[EndTime "11:36:50 PDT"]
[Termination "Victoria de danielrios010309 por abandono"]

1. e4 e5 2. Nf3 Nc6 3. Bb5 Bc5 4. Bxc6 dxc6 5. O-O Nf6 6. d3 h6 7. Nxe5 Qe7 8. Nf3 Bd6 9. b3 Bg4 10. Bb2 Bxf3 11. Qxf3 O-O 12. Re1 c5 13. e5 Nd7 14.
Qg3 Bxe5 15. Bxe5 Nxe5 16. Qxe5 Qxe5 17. Rxe5 Rae8 18. Rxe8 Rxe8 19. Nc3 Kh7 20. f3 b6 21. Kf2 g5 22. Nd5 c6 23. Nf6+ Kg7 24. Nxe8+ Kg6 25. Re1 Kh5 26. Re7 f5 27. Rxa7 f4 28. Rg7 1

[Event "Open Nuevo Centro. Jornada 1"]
[Site "Chess.com"]
[Date "2020.06.19"]
[Round "6"]
[White "Garcia Oviedo, Alejandro"]
[Black "Bosch Jord�, Ricard"]
[Result "0-1"]
[WhiteElo "1837"]
[BlackElo "1777"]
[TimeControl "180+2"]
[EndTime "11:37:00 PDT"]
[Termination "Victoria de UltimateLimo por abandono"]

1. e4 c6 2. Nf3 d5 3. Nc3 dxe4 4.
Nxe4 Nd7 5. Bc4 g6 6. Qe2 Ndf6 7. Neg5 Nh6 8. d3 Bg7 9. O-O O-O 10. Bd2 Nf5 11.
Rfe1 e6 12. Bc3 Nd5 13. Bxg7 Kxg7 14. g3 a5 15. a4 b6 16. Ne5 Qxg5 17. Nxc6 Bb7 18.
Ne5 Nf4 0

[Event "Open Nuevo Centro. Jornada 1"]
[Site "Chess.com"]
[Date "2020.06.19"]
[Round "6"]
[White "Furio Martinez, Francisco"]
[Black "Cebri�n Granado, Guille"]
[Result "1/2-1/2"]
[WhiteElo "721"]
[BlackElo "477"]
[TimeControl "180+2"]
[EndTime "11:37:06 PDT"]
[Termination "Tablas por rey ahogado"]

1. d4 d5 2. e3 Nc6 3. Nf3 Nf6 4. Be2 Bf5 5. O-O Qd6 6. Nbd2 Nb4 7. b3 a5 8. Bb2 Ra6 9. Rc1 c6 10. Bxa6 e6 11.
Bxb7 g6 12. c4 Kd7 13. c5 Kc7 14. cxd6+ Kxd6 15. Bxc6 e5 16. dxe5+ Ke7 17. exf6+ Kd8 18.
Bxd5 Nxd5 19. Rc5 Bxc5 20. g4 Bd3 21. Nb1 g5 22. Qxd3 Re8 23. Qxd5+ Kc8 24. Qxc5+ Kd8 25.
Qd5+ Kc8 26. Qc6+ Kd8 27. Qd6+ Kc8 28. Qa6+ Kd8 29. Qxa5+ Kc8 30. Qxg5 Kd8 31. Qd5+ Kc8 32. Qxf7 Kd8 33. Qxh7 Kc8 34. Rd1 Kb8 35. Qd7 Rc8 36.
Rc1 Rc7 37. Rxc7 Ka8 38. Qc6+ Kb8 39. Rh7 1/2-1

[Event "Open Nuevo Centro. Jornada 1"]
[Site "Chess.com"]
[Date "2020.06.19"]
[Round "6"]
[White "Yuste Valenzuela, Alejandro"]
[Black "Gimenez Saiz, Jose Raul"]
[Result "1/2-1/2"]
[WhiteElo "1784"]
[BlackElo "1538"]
[TimeControl "180+2"]
[EndTime "11:37:22 PDT"]
[Termination "Tablas por repetición de movimientos"]

1. e4 d5 2. exd5 Nf6 3. Be2 Qxd5 4. Nf3 Bg4 5. Nc3 Qh5 6. d3 Nc6 7. Be3 O-O-O 8. Qd2 e5 9. Ng5 Bxe2 10. Qxe2 Qxe2+ 11. Kxe2 Rd7 12. Nce4 Nxe4 13. dxe4 h6 14. Nf3 Bb4 15. c3 Ba5 16. b4 Bb6 17. Bxb6 axb6 18. b5 Na5 19. Rad1 f6 20. Rxd7 Kxd7 21. Rd1+ Ke6 22. Nh4 g5 23. Nf5 Nc4 24. Ng7+ Ke7 25. Nf5+ Ke6 26.
Ng7+ Ke7 27. Nf5+ Ke6 1/2-1

[Event "Open Nuevo Centro. Jornada 1"]
[Site "Chess.com"]
[Date "2020.06.19"]
[Round "6"]
[White "Donate Moreno, David"]
[Black "Cebolla Ruiz, David"]
[Result "1-0"]
[WhiteElo "1514"]
[BlackElo "1634"]
[TimeControl "180+2"]
[EndTime "11:37:35 PDT"]
[Termination "Victoria de sylar48 por abandono"]

1. e4 c6 2. d4 d5 3. exd5 cxd5 4. Nf3 Nf6 5. Ne5 Nc6 6. Bb5 Bd7 7. Nxd7 Qxd7 8. c3 a6 9. Bd3 e6 10. Bf4 Be7 11. Nd2 O-O 12. Nf3 Bd6 13. Ne5 Bxe5 14. dxe5 Ne8 15. Qh5 f5 16. g4 g6 17. Qh3 Qg7 18.
O-O-O g5 19. gxf5 gxf4 20. Rhg1 Qxg1 21. Rxg1+ Ng7 22. f6 1

[Event "Open Nuevo Centro. Jornada 1"]
[Site "Chess.com"]
[Date "2020.06.19"]
[Round "6"]
[White "Gerona Maura, Jesus"]
[Black "Donate Moreno, Silvia"]
[Result "0-1"]
[WhiteElo "1523"]
[BlackElo "1780"]
[TimeControl "180+2"]
[EndTime "11:37:40 PDT"]
[Termination "Victoria de 2camarones por jaque mate"]

1. d4 Nf6 2. Nf3 g6 3. c4 Bg7 4. Nc3 d6 5. e4 O-O 6. Be2 e5 7. O-O Na6 8. d5 Nc5 9. Qc2 a5 10.
Be3 b6 11. a3 Ne8 12. b4 Na6 13. bxa5 bxa5 14. Rfb1 f5 15. Ne1 f4 16. Bd2 Nc5 17. f3 g5 18. Nd3 Nxd3 19. Qxd3 h5 20. c5 g4 21. cxd6 cxd6 22. Nb5 Qh4 23. Be1 g3 24.
hxg3 fxg3 25. f4 Qh2+ 26. Kf1 Qh1# 0

[Event "Open Nuevo Centro. Jornada 1"]
[Site "Chess.com"]
[Date "2020.06.19"]
[Round "6"]
[White "Ainsa Jimenez, Lucas"]
[Black "Serradilla Revert, Rodrigo"]
[Result "0-1"]
[WhiteElo "763"]
[BlackElo "673"]
[TimeControl "180+2"]
[EndTime "11:37:40 PDT"]
[Termination "Victoria de ordigo2011 por tiempo"]

1. e4 e5 2. Nf3 f6 3. Bc4 Nc6 4. d4 Nxd4 5. Nxd4 exd4 6. Qxd4 c5 7. Qd5 Qe7 8. O-O Nh6 9. Qh5+ Nf7 10. Bxf7+ Qxf7 11. Qxf7+ Kxf7 12. Re1 b6 13. Nc3 Ba6 14. Bf4 f5 15.
exf5 Re8 16. Rxe8 Kxe8 17. Re1+ Kf7 18. Nd5 Bc4 0

[Event "Open Nuevo Centro. Jornada 1"]
[Site "Chess.com"]
[Date "2020.06.19"]
[Round "6"]
[White "Borissov, Juli�n"]
[Black "Gukasov, Artem"]
[Result "1-0"]
[WhiteElo "1846"]
[BlackElo "1559"]
[TimeControl "180+2"]
[EndTime "11:37:42 PDT"]
[Termination "Victoria de julianborisov por jaque mate"]

1. e4 e6 2. d4 d5 3. Nc3 Nf6 4. e5 Nfd7 5. f4 c5 6. Nf3 Nc6 7. Be3 Qb6 8. Na4 Qa5+ 9. c3 cxd4 10. Nxd4 Nb6 11. Nxb6 Qxb6 12. b4 Nxd4 13. Bxd4 Qc7 14.
Bd3 Bd7 15. O-O Be7 16. a4 O-O 17. h4 f6 18. Qe2 fxe5 19. Bxe5 Qd8 20. Qg4 Bf6 21.
Qh5 h6 22. Qg6 Rc8 23. Bd6 Be7 24. Qh7+ Kf7 25. Bg6+ Kf6 26. Be5# 1

[Event "Open Nuevo Centro. Jornada 1"]
[Site "Chess.com"]
[Date "2020.06.19"]
[Round "6"]
[White "Fitzpatrick Dimas  , Andrew "]
[Black "Morata Briones, Carlos"]
[Result "1-0"]
[WhiteElo "1137"]
[BlackElo "666"]
[TimeControl "180+2"]
[EndTime "11:38:01 PDT"]
[Termination "Victoria de Andrewlito por jaque mate"]

1. e4 e5 2. Nf3 Nc6 3. Nc3 Nf6 4. Bc4 Bc5 5. d3 O-O 6. O-O d6 7. Bg5 h6 8. Bxf6 Qxf6 9. h3 Nd4 10. Nxd4 Bxd4 11. Nd5 Qd8 12. c3 Bc5 13. Qh5 Kh8 14.
b4 Bb6 15. a4 a5 16. Nxb6 cxb6 17. bxa5 bxa5 18. d4 Qf6 19. dxe5 dxe5 20. Bd5 Qg6 21. Qxg6 fxg6 22. Rab1 Ra6 23. Bxb7 Bxb7 24. Rxb7 g5 25. Re7 Rff6 26. Rxe5 Kh7 27. Rc1 Rf4 28. c4 Raf6 29.
Rf5 R6xf5 30. exf5 Rxf5 31. c5 Rf7 32. c6 Rc7 33. Kf1 Kg6 34. Ke2 Re7+ 35. Kd3 Rc7 36. Kd4 Kf7 37. Kd5 Ke8 38. Kd6 Kd8 39. Rc5 Kc8 40.
Rxa5 g6 41. Ra8# 1

[Event "Open Nuevo Centro. Jornada 1"]
[Site "Chess.com"]
[Date "2020.06.19"]
[Round "6"]
[White "Gimenez Sanchis, Jose Antonio"]
[Black "Romero Barkouk, Rayan "]
[Result "0-1"]
[WhiteElo "1420"]
[BlackElo "1147"]
[TimeControl "180+2"]
[EndTime "11:38:10 PDT"]
[Termination "Victoria de rayan66 por abandono"]

1. c4 e5 2. Nc3 Nc6 3. g3 Nf6 4. Bg2 Bb4 5. Qc2 Nd4 6. Qd3 d6 7. a3 Bxc3 8. Qxc3 Bf5 9. Nf3 Nc2+ 10. Kf1 Nxa1 11. d3 O-O 12. Bg5 h6 13. Bd2 Bg4 14. h3 Bxf3 15. Bxf3 Qe7 16. Kg2 e4 17. dxe4 Nxe4 18. Qd3 Nxd2 19. Qxd2 Nb3 20. Qc3 Nc5 21.
b4 Ne4 22. Qd3 f5 23. Rc1 Rad8 24. e3 c6 25. Qb3 Nd2 26. Qa2 Nxf3 27. Kxf3 Qe4+ 28.
Ke2 d5 29. cxd5 Rxd5 30. f3 Qd3+ 31. Kf2 Qd2+ 32. Qxd2 Rxd2+ 33. Ke1 Rd3 34. Ke2 Rxa3 35. f4 Re8 36. g4 Raxe3+ 37. Kf2 Rxh3 38. gxf5 Rf8 39. Rd1 Rxf5 40. Kg2 Rh4 41. Rd7 Rg4+ 42. Kf3 Rgxf4+ 43. Ke3 Rxb4 44. Rd8+ Rf8 0

[Event "Open Nuevo Centro. Jornada 1"]
[Site "Chess.com"]
[Date "2020.06.19"]
[Round "6"]
[White "Roca Cruz, Rafael"]
[Black "Aguado, Pablo Luis"]
[Result "1-0"]
[WhiteElo "1674"]
[BlackElo "1423"]
[TimeControl "180+2"]
[EndTime "11:38:40 PDT"]
[Termination "Victoria de RafaRocaCruz por abandono"]

1. d4 d5 2. c4 e6 3. Nc3 Nf6 4. Bg5 Be7 5. cxd5 exd5 6. e3 c6 7. Bd3 O-O 8. Qc2 Nbd7 9. Nge2 Re8 10. f3 h6 11. Bh4 c5 12. O-O b6 13. Rad1 Bb7 14.
Bf2 Rc8 15. Bf5 Bd6 16. Nb5 Bb8 17. Qd2 c4 18. Bg3 a6 19. Nd6 Bxd6 20. Bxd6 Rc6 21. Bg3 b5 22. a3 Nb6 23. Nc3 Qe7 24. Rde1 Bc8 25. Bb1 Re6 26. Be5 Nfd7 27. Qc2 Nxe5 28. Qh7+ 1

[Event "Open Nuevo Centro. Jornada 1"]
[Site "Chess.com"]
[Date "2020.06.19"]
[Round "6"]
[White "Cin� Asensio, Luca "]
[Black "M�s Ripoll, Vicente"]
[Result "0-1"]
[WhiteElo "481"]
[BlackElo "1151"]
[TimeControl "180+2"]
[EndTime "11:38:45 PDT"]
[Termination "Victoria de menut por jaque mate"]

1. e4 c5 2. Bc4 e6 3. Nf3 Nc6 4. O-O a6 5. d3 b5 6. Bg5 Be7 7. Bxe7 Ngxe7 8. Bb3 O-O 9. a4 bxa4 10. Bxa4 Qc7 11. Bxc6 Nxc6 12. g3 Ne5 13. Nxe5 Qxe5 14. Nc3 Bb7 15. f4 Qd4+ 16. Rf2 f5 17. exf5 Rxf5 18.
Ra4 Qf6 19. Ne4 Bxe4 20. dxe4 Rh5 21. Qxh5 Qxb2 22. e5 Qc1+ 23. Rf1 Qxc2 24. Raa1 Rb8 25. Rac1 Qe4 26. Rce1 Qd4+ 27. Rf2 Kf8 28. f5 exf5 29. Qxf5+ Kg8 30. e6 Rf8 31. Qg4 Qxf2+ 32. Kh1 Qxe1+ 33. Kg2 Qf1# 0

[Event "Open Nuevo Centro. Jornada 1"]
[Site "Chess.com"]
[Date "2020.06.19"]
[Round "6"]
[White "Sanchez Saez, Francisco"]
[Black "Clement G�mez, Jos� Antonio"]
[Result "1/2-1/2"]
[WhiteElo "2295"]
[BlackElo "2490"]
[TimeControl "180+2"]
[EndTime "11:39:03 PDT"]
[Termination "Partida en tablas por mutuo acuerdo"]

1. g3 Nf6 2. Bg2 c5 3. b3 e6 4. Bb2 Be7 5. Nf3 O-O 6. O-O d5 7. c4 Nc6 8. e3 b6 9. Nc3 Bb7 10. cxd5 exd5 11. d4 Rc8 12. Rc1 Re8 13. Qd2 Ne4 14.
Nxe4 dxe4 15. Ne1 cxd4 16. exd4 Bf6 17. Nc2 Ba6 18. Rfd1 Bd3 19. Nb4 Nxd4 20. Rxc8 Qxc8 21. Nxd3 exd3 22. Bxd4 Bxd4 23. Qxd3 Bc5 24. Bd5 Qg4 25. Kg2 Re2 26. Rd2 Rxd2 27. Qxd2 g6 28. Qd3 Qd4 29. Qf3 Qg7 30. h4 h5 31. Qe4 Qf6 32. f4 Kg7 33. Qe2 a5 34. Bc4 Qa1 1/2-1

[Event "Open Nuevo Centro. Jornada 1"]
[Site "Chess.com"]
[Date "2020.06.19"]
[Round "6"]
[White "Valverde Alcaide, Miguel Alejandro"]
[Black "Mart�nez Cuenca, Adri�n "]
[Result "1-0"]
[WhiteElo "916"]
[BlackElo "603"]
[TimeControl "180+2"]
[EndTime "11:39:10 PDT"]
[Termination "Victoria de mentafurterei por jaque mate"]

1. e4 e5 2. Nf3 Nc6 3. Bc4 d5 4. Bxd5 Bb4 5. Ng5 h6 6. Nxf7 Qh4 7. Nxh8 Bc5 8. Rf1 Bxf2+ 9. Rxf2 Bg4 10. g3 Bxd1 11.
gxh4 Nd4 12. Kxd1 O-O-O 13. Nc3 g5 14. hxg5 hxg5 15. Nb5 a6 16. Na7+ Kb8 17. c3 Kxa7 18. cxd4 a5 19. dxe5 a4 20. e6 a3 21. bxa3 c6 22. Rb1 Rxd5 23. exd5 cxd5 24. e7 Nxe7 25.
Rf7 Nf5 26. Rxf5 b5 27. Rxd5 Kb6 28. Rxg5 Ka5 29. Nf7 Kb6 30. h3 Kc6 31. h4 b4 32.
h5 bxa3 33. h6 Kd7 34. h7 Ke7 35.
h8=Q Kxf7 36. Qg7+ Ke6 37. Rb6# 1